 Dungeon Crawl Stone Soup version 0.22-a0-362-g535178c (webtiles) character file.

53 Nattefrost the Chucker (level 3, -5/18 HPs)
             Began as a Vine Stalker Hunter on Apr 21, 2018.
             Slain by a worm (8 damage)
             ... on level 2 of the Dungeon.
             The game lasted 00:02:39 (1838 turns).

Nattefrost the Chucker (Vine Stalker Hunter)        Turns: 1838, Time: 00:02:40

Health: -5/18      AC:  4    Str: 15    XL:     3   Next: 87%
Magic:  0/4        EV: 12    Int: 11    God:
Gold:   43         SH:  0    Dex: 14    Spells: 2/2 levels left

rFire    . . .     SeeInvis .   a - +0 short sword
rCold    . . .     Gourm    .   (no shield)
rNeg     . . .     Faith    .   b - +0 leather armour
rPois    +         Spirit   +   (no helmet)
rElec    .         Reflect  .   (no cloak)
rCorr    .         Harm     .   j - +0 pair of gloves (curse)
MR       .....                  (no boots)
Stlth    ++........             (no amulet)
HPRegen  0.06/turn              k - ring of poison resistance
MPRegen  0.09/turn              (no ring)

@: no status effects
A: fangs 2, magic shield, antimagic bite, no potion heal 3, rot immunity
a: no special abilities


You were on level 2 of the Dungeon.
You were not hungry.

You visited 1 branch of the dungeon, and saw 2 of its levels.

You collected 43 gold pieces.

Inventory:

Hand Weapons
 a - a +0 short sword (weapon)
Missiles
 d - 2 throwing nets (quivered)
 g - 106 stones
Armour
 b - a +0 leather armour (worn)
 j - a cursed +0 pair of gloves (worn)
Jewellery
 k - a ring of poison resistance (left hand)
Scrolls
 h - a scroll of enchant armour
 l - 2 scrolls of remove curse
 n - a scroll of blinking {unknown}
Potions
 i - a potion of brilliance
 o - a potion of might
Comestibles
 f - 4 rations
 m - a chunk of flesh


   Skills:
 - Level 1.8 Fighting
 + Level 1.9 Short Blades
 - Level 3.6 Throwing
 + Level 2.5 Dodging
 - Level 1.2 Stealth


You had 2 spell levels left.
You didn't know any spells.

Dungeon Overview and Level Annotations

Branches:
Dungeon (2/15)

Altars:
Dithmenos


Innate Abilities, Weirdness & Mutations

You have extremely sharp teeth.
When hurt, damage is shared between your health and your magic reserves.
Your bite disrupts and absorbs the magic of your enemies.
Potions cannot restore your health.
You are immune to rotting.


Message History

You throw a javelin. The javelin barely misses the worm.
The worm bites you!
* * * LOW HITPOINT WARNING * * *
Throwing (i - inventory. (/) - cycle)
c - 3 javelins (quivered)
Press: ? - help, Shift-Dir - straight line, f/p - worm
Aim: a worm You throw a javelin.
The javelin hits the worm!
The worm is heavily wounded.
Throwing (i - inventory. (/) - cycle)
c - 2 javelins (quivered)
Press: ? - help, Shift-Dir - straight line, f/p - worm
Aim: a worm (heavily wounded)
You throw a javelin. The javelin hits the worm.
The worm is severely wounded.
The worm closely misses you.
Throwing (i - inventory. (/) - cycle)
c - a javelin (quivered)
Press: ? - help, Shift-Dir - straight line, f/p - worm
Aim: a worm (severely wounded)
You throw a javelin. The javelin hits the worm.
The worm is almost dead.
The worm bites you!
You die...

....................
..#####.............
##....###..####
................ #
###....###..#### #.
##....###..#### ..
...............
###.#.#####.........####
......w@...........#####
......#####..###.###....
..... #.............
#############
#.####.###.#.# ........#
#.#####.............
........#
....................
........#
....###.####.###.#..
........#####....#...#
#.# #.###
........#........#...#
#.# #.# #


You could see a worm.

Vanquished Creatures
  An ooze (D:1)
  3 dart slugs (D:1)
  2 leopard geckos (D:1)
  A ball python (D:2)
  3 giant cockroaches
  2 goblins
  3 hobgoblins
  A quokka (D:2)
  6 bats
  6 frilled lizards
  7 kobolds
  5 rats
40 creatures vanquished.

Notes
Turn   | Place    | Note
-------+----------+-------------------------------------------
     0 | D:1      | Nattefrost the Vine Stalker Hunter began the quest for the Orb.
     0 | D:1      | Reached XP level 1. HP: 11/11 MP: 2/2
   290 | D:1      | Reached XP level 2. HP: 15/15 MP: 3/3
   358 | D:1      | Reached skill level 1 in Short Blades
   741 | D:1      | Reached XP level 3. HP: 17/18 MP: 4/4
   936 | D:1      | Found a shadowy altar of Dithmenos.
  1838 | D:2      | Slain by a worm

Vault maps used:
D:1:      dpeg_arrival_yet_another_circle, minmay_hexomino_r4
D:2:      first_ration, minmay_splitting_lines

Skill      XL: |  1  2 |
---------------+-------+-----
Dodging        | 2 |  2.5
Short Blades   | 1 |  1.9
Fighting       | |  1.8
Throwing       | |  3.6
Stealth        | |  1.2

Action                   || total
-------------------------++-------
Melee: Short sword       ||   114
       Bite              ||    28
Throw: Javelin           ||    11
  Use: Scroll            ||     4
 Stab: Sleeping          ||     1
  Eat: Chunk             ||     3
Armor: Leather armour    ||    40
Dodge: Dodged            ||    87

Table legend:
 A = Spawn XP
 B = Non-spawn XP
 C = Spawn XP percentage of total XP
 D = Spawn monster count
 E = Non-spawn monster count
 F = Spawn count percentage of total count
 G = Total turns spent on level
                    A         B        C        D         E        F      G
               +---------+---------+-------+---------+---------+-------+---------
         Total |       0 |      76 |   0.0 |       0 |      40 |   0.0 |  1838
               +---------+---------+-------+---------+---------+-------+---------
           D:1 |       0 |      54 |   0.0 |       0 |      27 |   0.0 |  1292
           D:2 |       0 |      22 |   0.0 |       0 |      13 |   0.0 |   546
               +---------+---------+-------+---------+---------+-------+---------
